 Dungeon Crawl Stone Soup version 0.19.5 (webtiles) character file.

38832 Lizzreth the Fighter (level 13, -5/186 HPs)
             Began as a Vampire Berserker on Mar 20, 2017.
             Was a High Priest of Trog.
             Slain by a hell knight
             ... wielding a +0 great mace
              (23 damage)
             ... on level 15 of the Dungeon.
             The game lasted 01:27:56 (15481 turns).

Lizzreth the Fighter (Vampire Berserker)           Turns: 15481, Time: 01:27:57

Health: -5/186     AC: 23    Str: 23    XL:     13   Next: 65%
Magic:  13/13      EV:  8    Int: 11    God:    Trog [*****.]
Gold:   832        SH:  0    Dex: 17    Spells: 0 memorised, 12 levels left

rFire  + . .     SeeInvis +     t - +4 scimitar (flame)
rCold  . . .     Gourm    .     D - +3 plate armour
rNeg   + . .     Faith    .     (no shield)
rPois  .         Spirit   .     (no helmet)
rElec  .         Reflect  .     K - +0 cloak
rCorr  .         Harm     .     k - +2 pair of gloves
MR     +....                    (no boots)
Stlth  ..........               L - amulet of rage
                                Q - ring of flight
                                v - ring of protection from fire

@: berserking (expiring), very quick
A: fangs 3, hooves 1, see invisible, robust 1, strong 1, unbreathing
a: Bat Form, Berserk, Trog's Hand, Brothers in Arms, Burn Spellbooks, Renounce
Religion, Evoke Berserk Rage, Evoke Flight


You were on level 15 of the Dungeon.
You worshipped Trog.
Trog was extremely pleased with you.
You were not thirsty.

You visited 1 branch of the dungeon, and saw 15 of its levels.
You also visited: Sewer.

You collected 832 gold pieces.

Inventory:

Hand Weapons
 a - a +0 falchion
 q - a +1 long sword of venom
 t - a +4 scimitar of flaming (weapon)
 V - a +7 antimagic great sword
Missiles
 n - 8 needles of sleeping
 A - 5 exploding tomahawks (quivered)
 C - 7 javelins of penetration
Armour
 k - a +2 pair of gloves (worn)
 B - a +0 troll leather armour
 D - a +3 plate armour (worn)
 K - a +0 cloak (worn)
 T - the +2 robe of Impermeability {rF+ rC+}
   (You found it on level 13 of the Dungeon)

   It protects you from fire.
   It protects you from cold.
 W - the +0 leather armour of Rationality {rC+}
   (You found it on level 14 of the Dungeon)

   It protects you from cold.
Jewellery
 c - an uncursed ring of magical power
 v - a ring of protection from fire (left hand)
 z - an uncursed ring of fire
 H - an uncursed ring of stealth
 L - an amulet of rage (around neck)
 Q - a ring of flight (right hand)
 X - an uncursed ring of stealth
 Y - an uncursed ring of magical power
Wands
 b - a wand of slowing (30/48)
 e - a wand of confusion (14/48)
 g - a wand of iceblast (7/15)
 G - a wand of flame (26/48)
 I - a wand of polymorph (17/24)
 J - a wand of teleportation (5/9)
 M - a wand of flame (34/48)
 O - a wand of enslavement (4/24)
 R - a wand of disintegration (8/24)
 S - a wand of acid (10/15)
Scrolls
 i - 5 scrolls of identify
 l - 2 scrolls of recharging
 o - 9 scrolls of remove curse
 p - 3 scrolls of magic mapping
 r - 4 scrolls of amnesia
 s - 5 scrolls of teleportation
 x - 4 scrolls of blinking
 y - 4 scrolls of fear
 P - a scroll of enchant armour
Potions
 d - 4 potions of heal wounds
 f - a potion of might
 h - 2 potions of berserk rage
 j - 7 potions of curing
 m - 3 potions of cancellation
 u - 5 potions of haste
 E - a potion of invisibility
 F - a potion of flight {unknown}
 U - 2 potions of agility
 Z - 2 potions of mutation
Books
 N - a book of Clouds

   Spells                             Type                      Level
   a - Mephitic Cloud                 Conjuration/Poison/Air       3
   b - Conjure Flame                  Conjuration/Fire             3
   c - Poisonous Cloud                Conjuration/Poison/Air       6
   d - Freezing Cloud                 Conjuration/Ice/Air          6
   e - Ring of Flames                 Charms/Fire                  7
   Trog disapproves of the use of such an item.
Comestibles
 w - 7 bread rations


   Skills:
 - Level 14.0 Fighting
 - Level 12.6 Long Blades
 + Level 11.4 Armour
 - Level 2.1 Dodging


You had 12 spell levels left.
You didn't know any spells.

Dungeon Overview and Level Annotations

Branches:
Dungeon (15/15)            Temple (0/1) D:7            Lair (0/6) D:11
    Orc (0/2) D:11         Vaults (0/5) D:14         Depths (0/5) D:15

Altars:
Cheibriados
Elyvilon
Fedhas
Gozag
Makhleb
Okawaru
Qazlal
Ru
Trog
Vehumet

Shops:
D:9 :

Annotations:
D:8 exclusion: obsidian statue


Innate Abilities, Weirdness & Mutations

You have razor-sharp teeth.
You have supernaturally acute eyesight. (SInv)
You can survive without breathing.
You have large cloven feet.
You are robust. (+10% HP)
Your muscles are strong. (Str +2)


Message History

Your kick misses Trampli's ghost. Your bite misses Trampli's ghost.
Trampli's ghost is severely damaged.
Trampli's ghost hits you!
* * * LOW HITPOINT WARNING * * *
You slash Trampli's ghost! You burn Trampli's ghost.
Trampli's ghost is almost destroyed.
You slash Trampli's ghost! You burn Trampli's ghost. You bite Trampli's ghost.
Trampli's ghost is almost destroyed.
Trampli's ghost closely misses you.
You barely miss Trampli's ghost. You kick Trampli's ghost.
Trampli's ghost is almost destroyed.
You hit Trampli's ghost. You burn Trampli's ghost.
Trampli's ghost is almost destroyed.
Trampli's ghost hits you!
* * * LOW HITPOINT WARNING * * *
You slash Trampli's ghost! You burn Trampli's ghost.
You destroy Trampli's ghost!
Trog accepts your kill.
The hell knight hits you with a great mace!!
You die...

,,,,,*⌠,,*,,.C.....,,,,,,,,,,,,,*
,,,,,****.###.....,,,,,,,*+*+*,,*
,,,,,,,,,#........,,,,,,,*,,,*,,*
,,,,,,,,,.........,,,,,,,*,,,*,,*
*******,,#.......#****+*,*,,,*,,*
* *,,........#,,,,,#.#,,,#..* *
*,,........#,,,,,#.#,,,#..* *
*,,......zp#,,,,,#.#,,,#.#* *
*,,.######@#,,,,,#.#,,,#.# *
*,,,*,,,,#(###+###.#,,,#.#
*******,,,*,,,,#.........#,,,#.#
,,,,,,,,,,*,,,,#.........#####.#
,,,,,,,,,,*,,,,#..............<#
,,,,,,,,,,*,,,,+......####.....#*
,,,,,,,,,,*****#..##### #.......
,,,**,,,,,,,,.....# #.......
,,,,*,,,,,,,......# #.......


You could see a hell knight and a wight.

Vanquished Creatures
  Kirke (D:12)
  The ghost of Trampli the Wrestler, an adept TrFi of Makhleb (D:15)
  Snorg (D:13)
  Josephine (D:13)
  Harold (D:10)
  An ogre mage (D:15)
  2 centaur warriors (D:13)
  Erica (D:8)
  2 vault guards (D:14)
  A catoblepas (D:14)
  9 hill giants
  Pikel (D:6)
  2 wizards (D:14)
  An oklob plant (D:11)
  An ugly thing (D:13)
  2 manticores
  A deep elf mage (D:14)
  2 cyclopes
  Maurice (D:13)
  A gargoyle (D:14)
  A yaktaur (D:15)
  3 kobold demonologists
  A freezing wraith (D:11)
  A tengu conjurer (D:14)
  5 trolls
  3 meliai (D:14)
  2 two-headed ogres
  2 hippogriffs
  Sigmund (D:4)
  A centaur simulacrum (D:14)
  21 humans (D:14)
  5 wraiths
  A vampire (D:15)
  18 yaks
  2 wyverns (D:13)
  A basilisk (D:13)
  5 hogs (D:12)
  Grum (D:8)
  A hungry ghost (D:7)
  4 mottled dragons
  4 vampire mosquitoes (D:13)
  Menkaure (D:5)
  Edmund (D:5)
  A water moccasin (D:8)
  Duvessa (D:4)
  2 slaves (D:6)
  A swamp drake (D:11)
  2 sky beasts
  An eye of draining (D:13)
  2 phantoms
  A hornet zombie (D:13)
  4 orc warriors
  3 wolves (D:8)
  A necrophage (D:7)
  9 centaurs
  4 ogres
  Blork the orc (D:6)
  2 big kobolds (D:13)
  11 bullfrogs
  Dowan (D:4)
  A gnoll sergeant (D:5)
  2 scorpions (D:12)
  8 killer bees
  15 wights
  5 howler monkeys
  9 crimson imps
  4 bullfrog zombies
  A quasit (D:10)
  4 hounds
  6 jellies
  A bullfrog skeleton (D:5)
  4 orc priests
  2 centaur skeletons
  An iguana (D:12)
  14 orc wizards
  15 worker ants
  3 hound zombies
  A howler monkey zombie (D:5)
  A worker ant zombie (D:8)
  19 gnolls
  6 river rats (Sewer)
  16 adders
  A shadow imp (D:14)
  An ooze (D:1)
  2 adder zombies (D:5)
  An adder skeleton (D:9)
  3 worms
  5 leopard geckos
  37 orcs
  9 bats
  4 giant cockroaches
  5 goblins
  5 hobgoblins
  10 jackals
  12 kobolds
  9 quokkas
  16 ball pythons
  11 frilled lizards
  2 jackal skeletons (D:4)
  3 leopard gecko skeletons
  A leopard gecko zombie (D:9)
  A quokka skeleton (D:5)
  A quokka zombie (D:8)
  26 rats
  A bush (D:2)
  2 plants (D:11)
471 creatures vanquished.

Vanquished Creatures (others)
  A gnoll (D:6)
  A quokka (D:6)
2 creatures vanquished.

Grand Total: 473 creatures vanquished

Notes
Turn   | Place    | Note
-------+----------+-------------------------------------------
     0 | D:1      | Lizzreth the Vampire Berserker began the quest for the Orb.
     0 | D:1      | Reached XP level 1. HP: 17/17 MP: 1/1
   140 | D:1      | Reached XP level 2. HP: 23/23 MP: 2/2
   803 | D:2      | Reached XP level 3. HP: 24/28 MP: 3/3
   924 | D:2      | Reached ** piety under Trog
  1054 | D:2      | Reached XP level 4. HP: 34/34 MP: 4/4
  1074 | D:2      | Reached skill level 5 in Long Blades
  1099 | D:2      | Found a white marble altar of Elyvilon.
  1099 | D:2      | Found a blossoming altar of Fedhas.
  1524 | D:2      | Found a bloodstained altar of Trog.
  1943 | D:3      | Reached XP level 5. HP: 28/39 MP: 5/5
  2253 | D:3      | Reached *** piety under Trog
  2302 | D:3      | Found an opulent altar of Gozag.
  2454 | D:3      | Found a stormy altar of Qazlal.
  2665 | D:4      | Noticed Duvessa
  2666 | D:4      | Noticed Dowan
  2681 | D:4      | Killed Duvessa
  2681 | D:4      | Reached XP level 6. HP: 13/46 MP: 6/6
  2684 | D:4      | Killed Dowan
  3145 | D:4      | Reached XP level 7. HP: 51/51 MP: 7/7
  3157 | D:4      | Found a glowing drain.
  3170 | Sewer    | Entered a sewer
  3672 | Sewer    | Reached **** piety under Trog
  4226 | D:4      | Noticed Sigmund
  4236 | D:4      | Killed Sigmund
  4236 | D:4      | Reached skill level 10 in Long Blades
  4236 | D:4      | Reached XP level 8. HP: 57/57 MP: 8/8
  4369 | D:5      | Entered Level 5 of the Dungeon
  4406 | D:5      | Noticed Edmund
  4424 | D:5      | Killed Edmund
  4471 | D:5      | Noticed Menkaure
  4501 | D:5      | Killed Menkaure
  4986 | D:5      | Received a gift from Trog
  5604 | D:6      | Reached ***** piety under Trog
  5744 | D:6      | Reached XP level 9. HP: 60/62 MP: 9/9
  5883 | D:6      | Noticed Pikel
  5889 | D:6      | Killed Pikel
  5957 | D:6      | Received a gift from Trog
  6022 | D:6      | Reached skill level 3 in Fighting
  6196 | D:6      | Noticed Blork the orc
  6206 | D:6      | Killed Blork the orc
  6633 | D:7      | Reached skill level 4 in Fighting
  6914 | D:7      | Found an iron altar of Okawaru.
  7003 | D:7      | Reached skill level 5 in Fighting
  7067 | D:7      | Found a staircase to the Ecumenical Temple.
  7444 | D:8      | Noticed an obsidian statue
  7490 | D:8      | Found a burning altar of Makhleb.
  7917 | D:8      | Noticed Erica
  7928 | D:8      | Killed Erica
  7928 | D:8      | Reached skill level 7 in Fighting
  7928 | D:8      | Reached XP level 10. HP: 78/78 MP: 10/10
  7970 | D:8      | Noticed Grum
  7990 | D:8      | Killed Grum
  8265 | D:8      | Received a gift from Trog
  8348 | D:8      | Found a sacrificial altar of Ru.
  8421 | D:8      | Found a radiant altar of Vehumet.
  8911 | D:9      | Found Laothrom's Book Emporium.
  8926 | D:9      | Reached skill level 8 in Fighting
  8993 | D:9      | Received a gift from Trog
  9199 | D:9      | Reached skill level 9 in Fighting
  9642 | D:10     | Entered Level 10 of the Dungeon
  9689 | D:10     | Found a snail-covered altar of Cheibriados.
  9718 | D:10     | Noticed Harold
  9730 | D:10     | Killed Harold
  9730 | D:10     | Reached skill level 10 in Fighting
  9777 | D:10     | Noticed a hill giant
  9877 | D:10     | Killed a hill giant
  9877 | D:10     | Reached skill level 11 in Fighting
  9877 | D:10     | Reached XP level 11. HP: 92/92 MP: 11/11
 10203 | D:11     | Noticed a hill giant
 10210 | D:11     | Killed a hill giant
 10355 | D:11     | Noticed a hill giant
 10363 | D:11     | Killed a hill giant
 10363 | D:11     | Reached skill level 12 in Fighting
 10437 | D:11     | Found a staircase to the Lair.
 10440 | D:11     | Noticed an oklob plant
 10452 | D:11     | Killed an oklob plant
 10649 | D:11     | Found a staircase to the Orcish Mines.
 11069 | D:12     | Reached skill level 13 in Fighting
 11082 | D:12     | Received a gift from Trog
 11177 | D:12     | Noticed Kirke
 11372 | D:12     | Killed Kirke
 11372 | D:12     | Reached XP level 12. HP: 105/105 MP: 12/12
 11829 | D:12     | Gained mutation: You are robust. (+10% HP) [potion of mutation]
 11829 | D:12     | Gained mutation: Your muscles are strong. (Str +2) [potion of mutation]
 11829 | D:12     | Gained mutation: You have large cloven feet. [potion of mutation]
 11841 | D:12     | Reached skill level 14 in Fighting
 11883 | D:13     | Noticed Snorg
 11897 | D:13     | Killed Snorg
 12065 | D:13     | Noticed a centaur warrior
 12076 | D:13     | Killed a centaur warrior
 12409 | D:13     | Noticed Josephine
 12424 | D:13     | Killed Josephine
 12424 | D:13     | Reached skill level 5 in Armour
 12636 | D:13     | Got a silken robe
 12637 | D:13     | Identified the +2 robe of Impermeability {rF+ rC+} (You found it on level 13 of the Dungeon)
 12923 | D:13     | Noticed a centaur warrior
 12926 | D:13     | Noticed Maurice
 12930 | D:13     | Killed a centaur warrior
 12939 | D:13     | Killed Maurice
 13153 | D:14     | Noticed a catoblepas
 13181 | D:14     | Killed a catoblepas
 13309 | D:14     | Received a gift from Trog
 13339 | D:14     | Reached XP level 13. HP: 79/124 MP: 4/13
 13378 | D:14     | Got an ancient leather armour
 13389 | D:14     | Identified the cursed +0 leather armour of Rationality {rC+} (You found it on level 14 of the Dungeon)
 13434 | D:14     | Found a gate to the Vaults.
 13698 | D:14     | Reached skill level 10 in Armour
 15410 | D:15     | Entered Level 15 of the Dungeon
 15443 | D:15     | Noticed Trampli's ghost (adept TrFi)
 15480 | D:15     | Killed Trampli's ghost
 15481 | D:15     | Slain by a hell knight

Skill      XL: |  1  2  3  4  5  6  7  8  9 10 11 12 13 |
---------------+----------------------------------------+-----
Long Blades    | 4 5 7 8 10 11 12 | 12.6
Fighting       | 7 11 13 14 | 14.0
Armour         | 8 11 | 11.4
Dodging        | |  2.1

Action                   |  1- 3 |  4- 6 |  7- 9 | 10-12 | 13-15 || total
-------------------------+-------+-------+-------+-------+-------++-------
Melee: Falchion          |    99 |   308 |   522 |       |       ||   929
       Bite              |    12 |    48 |    75 |    90 |    39 ||   264
       Long sword        |       |       |    21 |       |       ||    21
       Scimitar          |       |       |       |   655 |   185 ||   840
       Kick              |       |       |       |    83 |    99 ||   182
       Great sword       |       |       |       |    12 |    73 ||    85
Invok: Berserk           |     1 |     4 |     9 |    11 |     3 ||    28
       Trog's Hand       |       |     1 |     5 |     8 |     5 ||    19
       Burn Spellbooks   |       |       |     3 |     1 |       ||     4
  Use: Potion            |       |       |     9 |     5 |       ||    14
       Scroll            |       |       |    10 |     5 |     2 ||    17
 Stab: Sleeping          |     1 |       |       |       |       ||     1
       Invisible         |       |       |       |     1 |       ||     1
  Eat: Corpse            |    10 |    17 |    30 |    39 |    14 ||   110
Armor: Animal skin       |    13 |       |       |       |       ||    13
       Scale mail        |    16 |    61 |   191 |     7 |       ||   275
       Plate armour      |       |       |       |   471 |   207 ||   678
Dodge: Dodged            |    75 |    96 |   240 |   194 |   100 ||   705
       Rpst.: Falchion   |    26 |    39 |    70 |       |       ||   135
       Long sword        |       |       |     3 |       |       ||     3
       Scimitar          |       |       |       |    55 |    12 ||    67
       Great sword       |       |       |       |     4 |    16 ||    20
